[ AOE2 MATCH · #483618287 ]
UnrankedBulgarians vs Huns
[ REPLAY ANALYSIS · EXTRACTED FROM THE RECORDED GAME ]
Feudal
—
Castle
—
Imperial
—
| APM avg | 12.7 |
| APM peak | 23 |
| eAPM avg | 7.2 |
| Villagers / military | 22 / 0 |
Focus
⚔️ 5.9% · 🌾 94.1%
Feudal
—
Castle
—
Imperial
—
| APM avg | 34.6 |
| APM peak | 59 |
| eAPM avg | 13.0 |
| Villagers / military | 16 / 0 |
Focus
⚔️ 35.0% · 🌾 65.0%
Feudal
—
Castle
—
Imperial
—
| APM avg | 14.4 |
| APM peak | 27 |
| eAPM avg | 6.8 |
| Villagers / military | 20 / 0 |
Focus
⚔️ 2.6% · 🌾 97.4%
Feudal
—
Castle
—
Imperial
—
| APM avg | 24.1 |
| APM peak | 28 |
| eAPM avg | 13.0 |
| Villagers / military | 20 / 0 |
Focus
⚔️ 44.0% · 🌾 56.0%
Match map
Initial resources + every placement click. Lines = walls · curves = elevation contours. ◆ gold · ⬟ stone · ● berries · ✦ relic · ◌ wall gap
Your base
mastah samsung's base
Jweli's base
TheKnightFromCumAlot's base
Smoothed initial terrain · ◌ = detected wall gap · hover for details
Inputs per minute
— Lord Bendtner - - mastah samsung
Build order — Lord Bendtner
17 actions detected in the replay
| 0:03 | Create | Villager (Male) ×4 |
| 0:05 | Build | House |
| 0:06 | Build | House |
| 1:39 | Create | Villager (Male) |
| 1:48 | Research | Loom |
| 2:07 | Create | Villager (Male) |
| 2:39 | Create | Villager (Male) ×2 |
| 3:01 | Create | Villager (Male) |
| 3:59 | Create | Villager (Male) ×2 |
| 4:42 | Build | Palisade Gate |
| 4:49 | Build | Palisade Wall |
| 5:06 | Build | Lumber Camp |
| 5:10 | Create | Villager (Male) ×4 |
| 5:49 | Create | Villager (Male) ×2 |
| 5:57 | Build | House |
| 7:04 | Build | House |
| 7:18 | Create | Villager (Male) ×5 |
Build order — mastah samsung
30 actions detected in the replay
| 0:03 | Create | Villager (Male) ×4 |
| 1:32 | Research | Loom |
| 1:44 | Build | Palisade Wall |
| 1:46 | Create | Villager (Male) |
| 2:32 | Create | Villager (Male) |
| 2:33 | Create | Villager (Male) |
| 2:50 | Build | Palisade Wall |
| 3:01 | Create | Villager (Male) |
| 3:01 | Create | Villager (Male) |
| 3:01 | Create | Villager (Male) |
| 3:59 | Create | Villager (Male) |
| 4:00 | Create | Villager (Male) |
| 4:00 | Create | Villager (Male) |
| 4:06 | Build | Palisade Wall |
| 4:08 | Build | Palisade Wall |
| 4:17 | Build | Palisade Wall |
| 4:21 | Build | Palisade Wall |
| 4:25 | Build | Palisade Wall |
| 4:27 | Build | Palisade Wall |
| 4:30 | Build | Palisade Wall |
| 4:35 | Build | Palisade Wall |
| 4:36 | Build | Palisade Wall |
| 4:39 | Build | Palisade Wall |
| 4:41 | Build | Palisade Wall |
| 4:45 | Build | Palisade Wall |
| 4:46 | Build | Palisade Wall |
| 5:33 | Build | Mill |
| 5:51 | Create | Villager (Male) |
| 6:19 | Create | Villager (Male) |
| 6:58 | Create | Villager (Male) |
Build order — Jweli
28 actions detected in the replay
| 0:02 | Research | Loom |
| 0:02 | Create | Villager (Male) |
| 0:02 | Create | Villager (Male) |
| 0:03 | Create | Villager (Male) |
| 0:03 | Create | Villager (Male) |
| 0:03 | Create | Villager (Male) |
| 0:43 | Build | Palisade Wall |
| 1:25 | Build | House |
| 1:33 | Build | House |
| 1:56 | Build | Lumber Camp |
| 2:16 | Build | House |
| 2:18 | Build | House |
| 3:03 | Create | Villager (Male) |
| 4:00 | Create | Villager (Male) |
| 4:00 | Create | Villager (Male) |
| 4:55 | Create | Villager (Male) |
| 4:55 | Create | Villager (Male) |
| 4:55 | Create | Villager (Male) |
| 5:26 | Create | Villager (Male) |
| 5:27 | Create | Villager (Male) |
| 5:34 | Build | Mill |
| 6:13 | Create | Villager (Male) |
| 6:13 | Create | Villager (Male) |
| 6:13 | Create | Villager (Male) |
| 6:30 | Create | Villager (Male) |
| 6:30 | Create | Villager (Male) |
| 6:57 | Create | Villager (Male) |
| 6:58 | Create | Villager (Male) |
Build order — TheKnightFromCumAlot
26 actions detected in the replay
| 0:02 | Build | House |
| 0:03 | Build | House |
| 0:05 | Create | Villager (Male) |
| 0:05 | Create | Villager (Male) |
| 0:52 | Create | Villager (Male) |
| 0:52 | Create | Villager (Male) |
| 1:32 | Create | Villager (Male) |
| 1:32 | Create | Villager (Male) |
| 2:05 | Create | Villager (Male) |
| 2:33 | Build | Lumber Camp |
| 2:40 | Create | Villager (Male) |
| 3:03 | Create | Villager (Male) |
| 3:09 | Create | Villager (Male) |
| 3:20 | Create | Villager (Male) |
| 3:53 | Create | Villager (Male) |
| 4:00 | Build | House |
| 4:04 | Build | Mill |
| 4:45 | Create | Villager (Male) |
| 4:46 | Create | Villager (Male) |
| 5:18 | Build | House |
| 5:58 | Create | Villager (Male) |
| 5:59 | Create | Villager (Male) |
| 6:02 | Create | Villager (Male) |
| 6:03 | Create | Villager (Male) |
| 6:32 | Create | Villager (Male) |
| 7:13 | Create | Villager (Male) |
Match timeline
| 0:43 | Jweli · wall_segment Palisade Wall x10 |
| 1:44 | mastah samsung · wall_segment Palisade Wall x5 |
| 2:50 | mastah samsung · wall_segment Palisade Wall x11 |
| 4:06 | mastah samsung · wall_segment Palisade Wall x1 |
| 4:08 | mastah samsung · wall_segment Palisade Wall x1 |
| 4:17 | mastah samsung · wall_segment Palisade Wall x2 |
| 4:21 | mastah samsung · wall_segment Palisade Wall x1 |
| 4:25 | mastah samsung · wall_segment Palisade Wall x1 |
| 4:27 | mastah samsung · wall_segment Palisade Wall x1 |
| 4:30 | mastah samsung · wall_segment Palisade Wall x1 |
| 4:35 | mastah samsung · wall_segment Palisade Wall x1 |
| 4:36 | mastah samsung · wall_segment Palisade Wall x1 |
| 4:39 | mastah samsung · wall_segment Palisade Wall x1 |
| 4:41 | mastah samsung · wall_segment Palisade Wall x1 |
| 4:45 | mastah samsung · wall_segment Palisade Wall x1 |
| 4:46 | mastah samsung · wall_segment Palisade Wall x1 |
| 4:49 | Lord Bendtner · wall_segment Palisade Wall x2 |
| 7:15 | mastah samsung · resign |
[ AI ANALYSIS · 1 CREDIT ]
What really happened in this match?
Wolo.gg analyzes every decision: build order, eco, micro, common mistakes by bracket. Personalized analysis on WhatsApp or Discord in 30 seconds.
Civ guide
Bulgarians
Perfil
Jugador #940321